Map: Echo LE (Void)

Players

MasTeR

  • Race: Protoss Protoss
  • Spawn Location: 11:00

speaknow (ByuN) - Winner!

  • Race: Terran Terran
  • Spawn Location: 5:00

Event: NationWars IV

VOD

Have the link to the VOD?

Description

Time

  • Played on: Jan. 4, 2017, 11:56 a.m.
  • Length: 11:30
Show
View Real Time Build Order
Export as new Build Order

MasTeR Protoss 

Build Orders: 1 Gate Expand, Dark Templar Rush 

Get SALT Encoding   

  12  0:01  Probe (Chrono Boost)  
  13  0:11  Probe (Chrono Boost)  
  14  0:17  Pylon  
  14  0:22  Probe (Chrono Boost)  
  15  0:35  Probe (Chrono Boost)  
  16  0:36  Gateway  
  16  0:46  Probe (Chrono Boost)  
  16  0:47  Assimilator  
  17  0:56  Probe (Chrono Boost)  
  18  1:07  Probe (Chrono Boost)  
  19  1:17  Nexus  
  19  1:21  Probe (Chrono Boost)  
  20  1:32  Cybernetics Core  
  20  1:34  Probe (Chrono Boost)  
  21  1:40  Assimilator  
  21  1:44  Probe (Chrono Boost)  
  22  1:49  Pylon  
  22  1:55  Probe (Chrono Boost)  
  23  2:10  Mothership Core (Chrono Boost)  
  23  2:11  Stalker  
  26  2:16  Warp Gate  
  26  2:29  Probe (Chrono Boost)  
  27  2:31  Probe (Chrono Boost)  
  28  2:40  Stalker  
  28  2:41  Probe x2 (Chrono Boost)  
  32  2:51  Probe (Chrono Boost)  
  32  2:52  Probe (Chrono Boost), Robotics Facility  
  34  3:02  Probe x2 (Chrono Boost)  
  34  3:05  Pylon  
  37  3:12  Probe (Chrono Boost)  
  37  3:13  Probe (Chrono Boost)  
  37  3:14  Twilight Council  
  38  3:23  Probe (Chrono Boost)  
  38  3:24  Probe (Chrono Boost)  
  40  3:33  Probe (Chrono Boost)  
  40  3:34  Probe (Chrono Boost), Gateway  
  42  3:38  Gateway  
  42  3:42  Observer  
  42  3:44  Probe (Chrono Boost)  
  42  3:45  Probe (Chrono Boost)  
  42  3:48  Assimilator  
  45  3:51  Assimilator  
  45  3:53  Dark Shrine  
  46  3:57  Probe x2 (Chrono Boost)  
  46  4:01  Pylon  
  47  4:08  Probe x2 (Chrono Boost)  
  49  4:10  Warp Prism, Pylon  
  51  4:20  Probe (Chrono Boost)  
  49  4:26  Probe (Chrono Boost)  
  51  4:32  Probe (Chrono Boost)  
  51  4:37  Probe (Chrono Boost)  
  52  4:44  Probe (Chrono Boost)  
  53  4:47  Probe (Chrono Boost)  
  54  4:53  Stalker  
  54  4:54  Probe (Chrono Boost)  
  54  4:55  Nexus  
  54  4:58  Probe (Chrono Boost)  
  58  5:05  Probe (Chrono Boost)  
  51  5:13  Dark Templar x2  
  53  5:22  Probe x2 (Chrono Boost)  
  53  5:27  Stalker  
  55  5:32  Probe x2 (Chrono Boost)  
  55  5:38  Blink  
  55  5:43  Probe (Chrono Boost)  
  55  5:44  Probe (Chrono Boost)  
  55  5:48  Gateway  
  51  5:50  Gateway  
  51  5:53  Probe (Chrono Boost), Gateway  
  51  5:54  Sentry  
  51  5:56  Probe (Chrono Boost)  
  55  5:58  Sentry  
  55  5:59  Stalker  
  59  6:09  Gateway  
  59  6:12  Probe x2 (Chrono Boost)  
  59  6:13  Probe (Chrono Boost)  
  59  6:18  Immortal, Sentry  
  68  6:26  Stalker  
  68  6:29  Pylon  
  68  6:32  Stalker  
  71  6:41  Probe x2 (Chrono Boost)  
  71  6:43  Probe (Chrono Boost)  
  71  6:46  Stalker x2  
  78  6:48  Stalker  
  78  6:49  Sentry  
  78  6:53  Pylon  
  82  6:57  Stalker, Sentry  
  86  7:02  Warp Prism  
  86  7:08  Pylon  
  76  7:17  Stalker x3  
  76  7:20  Stalker  
  74  7:27  Stalker  
  71  7:32  Stalker x2  
  75  7:42  Stalker x3  
  75  7:44  Sentry  
  83  7:50  Probe x3 (Chrono Boost)  
  76  8:02  Probe x2 (Chrono Boost)  
  76  8:04  Stalker  
  76  8:05  Stalker x4  
  82  8:16  Probe x2 (Chrono Boost), Stalker x2  
  84  8:25  Sentry x2  
  84  8:26  Gateway  
  88  8:28  Stalker x2  
  88  8:31  Stalker  
  94  8:36  Probe x3 (Chrono Boost)  
  89  8:52  Probe (Chrono Boost), Observer  
  89  8:53  Probe x2 (Chrono Boost)  
  89  8:54  Stalker x2  
  89  8:55  Stalker x2  
  101  8:58  Assimilator  
  101  9:00  Assimilator  
  93  9:05  Probe x2 (Chrono Boost)  
  93  9:06  Probe (Chrono Boost)  
  93  9:07  Pylon  
  96  9:11  Stalker x3  
  104  9:19  Stalker x2  
  106  9:24  Stalker  
  104  9:33  Stalker x3  
  108  9:39  Stalker x2  
  101  9:50  Stalker x2  
  101  9:51  Stalker  
  93  9:53  Observer  
  94  10:04  Stalker x3  
  94  10:13  Stalker x2  
  94  10:17  Stalker x2  
  94  10:18  Stalker  
  94  10:25  Stalker x2  
  90  10:39  Stalker x3  
  90  10:40  Nexus  
  86  10:43  Stalker x3  
  81  10:57  Stalker x2  
  81  11:00  Stalker  
  81  11:02  Stalker  
  81  11:03  Stalker  
  91  11:08  Stalker  
  93  11:12  Stalker  
  85  11:18  Stalker  
  85  11:19  Adept, Stalker  
  85  11:22  Stalker  
Show
View Real Time Build Order
Export as new Build Order

speaknow Terran - Winner!

Build Orders: Reaper Expand, MMM Bio 

Get SALT Encoding   

  12  0:00  SCV  
  13  0:13  SCV  
  14  0:17  Supply Depot  
  14  0:19  Supply Depot  
  14  0:25  SCV  
  15  0:32  Refinery  
  15  0:40  SCV  
  16  0:45  Barracks  
  16  0:53  SCV  
  17  1:05  SCV  
  18  1:17  SCV  
  19  1:32  Orbital Command, Reaper  
  20  1:43  Command Center  
  20  1:54  Factory  
  20  1:58  SCV  
  21  2:02  Refinery  
  21  2:08  Barracks Reactor  
  21  2:10  SCV  
  21  2:15  Supply Depot  
  22  2:22  SCV  
  23  2:36  SCV  
  24  2:38  Starport  
  24  2:43  Widow Mine  
  26  2:44  Marine  
  26  2:45  Marine  
  26  2:48  SCV  
  29  2:55  Orbital Command  
  29  3:01  SCV  
  29  3:03  Marine x2  
  32  3:12  Widow Mine  
  34  3:15  Medivac  
  36  3:24  SCV x2  
  36  3:25  Marine x2  
  39  3:29  Supply Depot  
  39  3:36  SCV x2  
  39  3:38  Barracks  
  41  3:42  Factory Tech Lab, Marine  
  41  3:43  Marine  
  41  3:48  SCV x2  
  45  3:53  Supply Depot  
  45  4:00  Marine x2, SCV x2  
  49  4:04  Siege Tank  
  52  4:12  SCV x2  
  54  4:18  Engineering Bay  
  54  4:24  SCV x2  
  54  4:25  Marine  
  54  4:26  Marine, Barracks Tech Lab  
  58  4:36  SCV  
  58  4:37  Supply Depot, SCV  
  58  4:43  Marine x2  
  58  4:44  Missile Turret  
  58  4:45  Missile Turret  
  60  4:47  Marine  
  60  4:48  Stimpack  
  60  4:49  SCV  
  62  4:57  Supply Depot  
  62  4:58  SCV, Viking  
  65  5:07  Marine x3  
  64  5:09  Missile Turret  
  67  5:19  SCV x2  
  68  5:27  Marine x2  
  68  5:28  Marine  
  69  5:31  SCV x2  
  65  5:37  Starport Tech Lab  
  65  5:40  Terran Infantry Weapons Level 1  
  65  5:42  Command Center  
  58  5:43  SCV x2  
  58  5:45  Marine x2  
  58  5:46  Marine  
  63  5:55  Raven, SCV x2  
  67  5:59  Barracks, Refinery  
  67  6:01  Factory Reactor  
  67  6:03  Refinery  
  67  6:04  Marine x3  
  67  6:10  SCV x2  
  72  6:22  Marine x2, SCV x2  
  72  6:24  Marauder  
  78  6:45  Barracks  
  78  6:48  Barracks  
  78  6:50  Supply Depot  
  78  6:52  Supply Depot  
  78  6:53  Factory Reactor  
  78  6:54  Marauder x2, Orbital Command, SCV x2  
  85  6:57  Supply Depot  
  85  7:03  Concussive Shells, Combat Shields, Marine x2  
  85  7:05  Medivac  
  85  7:06  SCV x2  
  90  7:08  Medivac  
  85  7:18  SCV x2  
  85  7:23  Marauder x2, Marine  
  85  7:27  SCV  
  86  7:30  Marine, SCV x2  
  86  7:31  Widow Mine  
  86  7:32  Widow Mine  
  93  7:37  Marine  
  93  7:42  Orbital Command, SCV x2, Barracks Reactor  
  99  7:44  Marauder, Medivac  
  100  7:54  SCV x2  
  98  8:02  Missile Turret  
  98  8:03  Marauder  
  98  8:04  Marauder, Marine x2  
  101  8:06  SCV x2  
  101  8:09  SCV  
  99  8:14  Marauder  
  99  8:18  SCV x2  
  101  8:21  SCV, Terran Infantry Armor Level 1  
  101  8:22  Armory, Engineering Bay  
  101  8:24  Marine x2  
  101  8:25  Marauder, Marine x2, Widow Mine x2  
  114  8:27  Marauder  
  114  8:31  Supply Depot  
  114  8:33  Supply Depot  
  114  8:37  Refinery  
  114  8:38  Refinery  
  109  8:44  Marauder  
  109  8:46  Marauder  
  107  8:48  Marauder  
  107  8:49  Marine  
  107  8:50  Marine  
  107  8:52  Marine x2  
  107  9:03  Widow Mine x2  
  107  9:05  Marauder, Medivac x2  
  107  9:07  Marine x2  
  107  9:08  Marauder  
  107  9:09  Marauder  
  121  9:10  Marine x2  
  121  9:11  Terran Infantry Weapons Level 2  
  121  9:12  Terran Ship Weapons Level 1  
  121  9:17  Starport  
  123  9:18  SCV x3  
  126  9:26  Marauder  
  126  9:29  Marauder  
  126  9:31  Marauder  
  131  9:36  Marine x2  
  129  9:48  Marauder, Barracks x3  
  129  9:50  Marauder  
  129  9:52  Marauder  
  115  9:53  Marine x2  
  115  9:54  Marine x2  
  115  9:58  Liberator x2  
  111  10:09  Marauder  
  111  10:11  Marine x2  
  111  10:12  Marauder, Command Center, Marine  
  111  10:13  Marine  
  111  10:14  Marauder  
  119  10:28  Marine x2  
  119  10:30  Marauder, Marine  
  119  10:31  Marine  
  119  10:33  Marauder  
  119  10:35  Marauder  
  123  10:43  Barracks Tech Lab x2, Barracks Reactor  
  123  10:46  Marine x2  
  123  10:47  Marine  
  123  10:49  Marine, Medivac x2  
  128  10:52  Marauder  
  128  10:54  Marauder  
  128  10:56  Marauder  
  131  11:04  Marine x2  
  131  11:05  Supply Depot  
  131  11:06  Marine  
  131  11:07  Marine  
  131  11:08  Supply Depot  
Tags
 
Add a new tag
Caveats
  • Supply blocks, unpowered buildings, or Contaminate may cause inaccurate times.
  • Supply counts are checked every 10 seconds.